 Dungeon Crawl Stone Soup version 0.18.1-50-g88ac8fd (webtiles) character file.

2850 HolyRage the Grappler (level 9, -3/93 HPs)
             Began as a Troll Berserker on Sept 17, 2016.
             Was an Elder of Trog.
             Slain by a yak (16 damage)
             ... on level 7 of the Dungeon.
             The game lasted 00:40:56 (6242 turns).

HolyRage the Grappler (Troll Berserker)             Turns: 6242, Time: 00:40:57

Health: -3/93      AC:  6    Str: 27    XL:     9   Next: 46%
Magic:  8/8        EV: 10    Int:  3    God:    Trog [****..]
Gold:   245        SH:  0    Dex: 12    Spells: 0 memorised, 8 levels left

rFire  . . .     SeeInvis .     c - +2 giant spiked club (flame)
rCold  + . .     Gourm    +     a - +1 animal skin
rNeg   . . .     Faith    .     (shield currently unavailable)
rPois  +         Spirit   .     (helmet restricted)
rElec  .         Dismiss  .     (no cloak)
rCorr  .         Reflect  .     (gloves unavailable)
SustAt .         Harm     .     (boots unavailable)
MR     ++...                    (no amulet)
Stlth  +.........               y - ring of protection from cold
                                g - ring of poison resistance

@: regenerating, very resistant to hostile enchantments, very unstealthy
A: unfitting armour, claws 3, fast metabolism 3, gourmand, regeneration 2,
shaggy fur 1, tough skin 2, evolution 1
a: Berserk, Trog's Hand, Brothers in Arms, Burn Spellbooks, Renounce Religion


You were on level 7 of the Dungeon.
You worshipped Trog.
Trog was greatly pleased with you.
You were full.

You visited 2 branches of the dungeon, and saw 8 of its levels.
You also visited: Sewer and Ossuary.

You collected 281 gold pieces.

Inventory:

Hand Weapons
 c - a +2 giant spiked club of flaming (weapon)
 f - a +0 morningstar
Missiles
 A - 7 poisoned tomahawks (quivered)
Armour
 a - a +1 animal skin (worn)
 K - a +1 shield of protection
Jewellery
 g - a ring of poison resistance (left claw)
 y - a ring of protection from cold (right claw)
Wands
 l - a wand of iceblast (2/15)
 x - a wand of digging (12/24)
 G - a wand of paralysis (16/24)
 H - a wand of paralysis (12/24)
Scrolls
 e - 5 scrolls of remove curse
 i - 4 scrolls of magic mapping
 j - a scroll of enchant armour
 v - 3 scrolls of fog
 B - 2 scrolls of teleportation
Potions
 d - 3 potions of lignification
 k - 4 potions of curing
 m - 2 potions of magic
 n - 2 potions of brilliance
 o - 4 potions of agility
 q - 2 potions of flight
 r - 3 potions of heal wounds
 t - a potion of ambrosia
 C - 2 potions of might
 D - a potion of cancellation {unknown}
Books
 J - a book of Spatial Translocations

   Spells                             Type                      Level
   a - Apportation                    Translocation                1
   b - Blink                          Translocation                2
   c - Shroud of Golubria             Charms/Translocation         2
   d - Portal Projectile              Translocation                3
   e - Teleport Other                 Translocation                3
   f - Passage of Golubria            Translocation                4
   Trog disapproves of the use of such an item.
Miscellaneous
 p - a plain deck of wonders {drawn: 7}
Comestibles
 b - 8 bread rations
 h - a beef jerky
 s - a royal jelly
 u - 3 fruits
 w - a meat ration
 z - 6 chunks of flesh


   Skills:
 + Level 7.2 Fighting
 * Level 6.3 Maces & Flails
 - Level 2.4 Dodging
 - Level 8.1 Unarmed Combat


You had 8 spell levels left.
You didn't know any spells.

Dungeon Overview and Level Annotations

Branches:
Dungeon (7/15)             Temple (1/1) D:6

Altars:
Ashenzari
Cheibriados
Dithmenos
Elyvilon
Gozag
Kikubaaqudgha
Makhleb
Nemelex Xobeh
Okawaru
Pakellas
Qazlal
Ru
Xom
Yredelemnul
Zin
The Shining One

Shops:
D:4 [   D:6 }[


Innate Abilities, Weirdness & Mutations

You are too large for most types of armour.
You have claws for hands.
Your metabolism is lightning-fast.
You like to eat raw meat.
You heal very quickly.
You are covered in fur (AC +1).
You have very tough skin (AC +2).
You evolve.


Message History

The yak gores you. The yak barely misses you.
You hit the yak but do no damage.
The yak is heavily wounded.
The yak gores you!
You hit the yak. You burn the yak.
The yak is heavily wounded.
The yak gores you!
* * * LOW HITPOINT WARNING * * *
The yak gores you!
* * * LOW HITPOINT WARNING * * *
You bludgeon the yak!! You burn the yak.
You kill the yak!
Trog accepts your kill. The yak closely misses you.
You closely miss the yak. The yak gores you.
* * * LOW HITPOINT WARNING * * *
You puncture the yak! You burn the yak.
The yak is heavily wounded.
The yak closely misses you. The yak gores you!
You die...

#.o..._..... #...
###.#Z......# #...
....##.....# ##.. .....##.o.#
##. ......##.## #. .........#
#. ........#### #.
...........#### ##.
.........#oY@.### #### ##).
........#####.).###..#####..#
........# ####.......##.###
.......## ###.......##
.....## ##.....## #####
##....# #....# ##...# ##..#


You could see a yak and an orc.

Vanquished Creatures
  A merfolk (D:7)
  A wraith (Ossuary)
  3 yaks (D:7)
  Sigmund (D:5)
  Eustachio (D:4)
  Purgy (D:4)
  An ice beast (D:6)
  2 sky beasts
  A phantom (D:6)
  A necrophage (D:7)
  3 ogres
  A big kobold (Sewer)
  A giant frog (D:6)
  A scorpion (D:7)
  4 crimson imps (D:5)
  A giant frog zombie (D:7)
  3 hounds
  A jelly (D:6)
  A centaur skeleton (D:4)
  2 giant frog skeletons
  2 iguanas (D:5)
  2 worker ants
  3 orc wizards
  4 mummies
  A hound skeleton (D:7)
  8 gnolls (D:4)
  11 adders
  2 river rats (Sewer)
  5 shadow imps
  3 oozes
  4 worms
  2 adder skeletons (D:7)
  A dart slug (D:4)
  4 giant geckos
  16 orcs
  11 bats
  5 giant cockroaches
  7 goblins
  4 hobgoblins
  7 jackals
  11 kobolds
  5 quokkas
  A ball python (D:6)
  4 giant newts
  3 goblin zombies (Ossuary)
  2 hobgoblin zombies (Ossuary)
  A jackal skeleton (D:4)
  2 kobold zombies (Ossuary)
  2 orc zombies (Ossuary)
  A quokka skeleton (D:6)
  7 rats
172 creatures vanquished.

Vanquished Creatures (others)
  2 goblin zombies (Ossuary)
  A hobgoblin zombie (Ossuary)
3 creatures vanquished.

Grand Total: 175 creatures vanquished

Notes
Turn   | Place    | Note
--------------------------------------------------------------
     0 | D:1      | HolyRage the Troll Berserker began the quest for the Orb.
     0 | D:1      | Reached XP level 1. HP: 22/22 MP: 0/0
   145 | D:1      | Reached XP level 2. HP: 29/29 MP: 1/1
   562 | D:2      | Reached XP level 3. HP: 36/36 MP: 2/2
   567 | D:2      | Reached ** piety under Trog
   696 | D:2      | Reached skill level 4 in Unarmed Combat
   815 | D:2      | Found a sacrificial altar of Ru.
   824 | D:2      | Reached XP level 4. HP: 45/45 MP: 3/3
  1228 | D:3      | Found a basalt altar of Yredelemnul.
  1351 | D:3      | Found a sparkling altar of Nemelex Xobeh.
  1380 | D:3      | Reached XP level 5. HP: 53/53 MP: 4/4
  1436 | D:3      | Found a glowing drain.
  1443 | Sewer    | Entered a sewer
  1450 | Sewer    | Reached skill level 5 in Unarmed Combat
  1451 | Sewer    | Reached *** piety under Trog
  1885 | Sewer    | Found a white marble altar of Elyvilon.
  2111 | D:3      | Reached XP level 6. HP: 54/62 MP: 5/5
  2269 | D:3      | Found an oddly glowing altar of Pakellas.
  2269 | D:3      | Noticed a fire dragon
  2329 | D:3      | Found a white marble altar of Elyvilon.
  2419 | D:4      | Noticed a sky beast
  2421 | D:4      | Found Veseril's Antique Armour Shoppe.
  2426 | D:4      | Killed a sky beast
  2520 | D:4      | Noticed Purgy
  2535 | D:4      | Killed Purgy
  2535 | D:4      | Reached skill level 6 in Unarmed Combat
  2658 | D:4      | Found a glowing silver altar of Zin.
  2699 | D:4      | Noticed Eustachio
  2719 | D:4      | Killed Eustachio
  2719 | D:4      | Reached XP level 7. HP: 69/71 MP: 6/6
  3070 | D:4      | Reached skill level 7 in Unarmed Combat
  3160 | D:4      | Reached skill level 5 in Fighting
  3371 | D:5      | Entered Level 5 of the Dungeon
  3413 | D:5      | Noticed Sigmund
  3434 | D:5      | Killed Sigmund
  3478 | D:5      | Found a sand-covered staircase.
  3483 | Ossuary  | Entered an ossuary
  3483 | Ossuary  | Noticed a wraith
  3483 | Ossuary  | Noticed a wraith
  3483 | Ossuary  | Noticed a wraith
  3601 | Ossuary  | Noticed a wraith
  3611 | Ossuary  | Killed a wraith
  3611 | Ossuary  | Reached skill level 8 in Unarmed Combat
  3611 | Ossuary  | Reached XP level 8. HP: 51/83 MP: 7/7
  4033 | D:5      | Reached **** piety under Trog
  4033 | D:5      | Reached skill level 1 in Maces & Flails
  4228 | D:5      | Identified a scroll of acquirement
  4247 | D:5      | Gained mutation: You evolve. [helix card]
  4682 | D:6      | Found Jut Uxag's Antique Armour Shop.
  4695 | D:6      | Found a shimmering altar of Xom.
  4777 | D:6      | Found Teahucw's Gadget Shop.
  5211 | D:6      | Found a staircase to the Ecumenical Temple.
  5218 | D:6      | Reached XP level 9. HP: 65/92 MP: 8/8
  5226 | Temple   | Entered the Ecumenical Temple
  5576 | D:7      | Reached skill level 5 in Maces & Flails
  5614 | D:7      | Found a snail-covered altar of Cheibriados.
  5794 | D:7      | Noticed Wadus
  5799 | D:7      | HP: 3/138 [Wadus the merfolk/trident of piercing[the player character] (9)]
  5799 | D:7      | HP: 1/138 [Wadus the merfolk/trident of piercing[the player character] (2)]
  5802 | D:7      | Killed Wadus the merfolk
  5861 | D:7      | Found a stormy altar of Qazlal.
  5864 | D:7      | Found an oddly glowing altar of Pakellas.
  6209 | D:7      | Found a shadowy altar of Dithmenos.
  6242 | D:7      | Slain by a yak

Skill      XL: |  1  2  3  4  5  6  7  8  9 |
---------------+----------------------------+-----
Fighting       | 3 4 5 6 7 |  7.2
Unarmed Combat | 4 5 6 8 |  8.1
Maces & Flails | 4 6 |  6.3
Dodging        | |  2.4

Action                   |  1- 3 |  4- 6 |  7- 9 || total
-------------------------+-------+-------+-------++-------
Melee: Unarmed           |    77 |   141 |    84 ||   302
       Punch             |     1 |     3 |     4 ||     8
       Giant spiked club |       |       |   270 ||   270
Invok: Burn Spellbooks   |       |     1 |       ||     1
       Berserk           |       |       |     3 ||     3
       Trog's Hand       |       |       |     2 ||     2
Evoke: Deck              |       |       |     7 ||     7
  Use: Scroll            |       |     9 |    14 ||    23
 Stab: Sleeping          |       |     1 |     1 ||     2
  Eat: Chunk             |    13 |    18 |    36 ||    67
Armor: Animal skin       |    36 |    33 |   122 ||   191
Dodge: Dodged            |    47 |    61 |   215 ||   323
